 Dungeon Crawl Stone Soup version 0.27-a0-1136-g0b992a5a9d (webtiles) character file.

Game seed: 13929092560051964035

2761 Zeld the Thrower (level 9, -15/61 HPs)
             Began as an Octopode Fighter on May 4, 2021.
             Was a Follower of Okawaru.
             Shot with an arrow by a centaur (17 damage)
             ... on level 7 of the Dungeon.
             The game lasted 00:14:32 (11068 turns).

Zeld the Thrower (Octopode Fighter)                Turns: 11068, Time: 00:14:33

Health: -15/61     AC:  1    Str: 18    XL:     9   Next: 69%
Magic:  9/9        EV: 11    Int: 10    God:    Okawaru [*.....]
Gold:   281        SH: 10    Dex: 12    Spells: 8/8 levels left

rFire    + . .     SeeInvis .   a - +3 war axe (spect)
rCold    . . .     Faith    .   b - +0 kite shield
rNeg     . . .     Spirit   .   (helmet restricted)
rPois    .         Reflect  .   (no amulet)
rElec    .         Harm     .   d - ring of resist corrosion
rCorr    +         Rampage  .   k - ring of protection from fire
Will     +....                  p - ring of willpower
Stlth    ++........             (no ring)
HPRegen  0.20/turn              (no ring)
MPRegen  0.11/turn              (no ring)
                                (no ring)
                                (no ring)

@: lethally poisoned (-15 -> -17)
A: almost no armour, amphibious, 8 rings, camouflage 1, gelatinous body 1,
(nimble swimmer 1), tentacles
a: Renounce Religion, Heroism


You were on level 7 of the Dungeon.
You worshipped Okawaru.
Okawaru was aware of your devotion.
You visited 2 branches of the dungeon, and saw 8 of its levels.
You also visited: Ossuary.

You collected 281 gold pieces.

Inventory:

Hand Weapons
 a - a +3 spectral war axe (weapon)
 l - a +0 war axe
Missiles
 g - 2 silver javelins
 v - 4 poisoned darts (quivered)
Armour
 b - a +0 kite shield (worn)
Jewellery
 d - a ring of resist corrosion (left tentacle)
 k - a ring of protection from fire (right tentacle)
 p - a ring of willpower (on tentacle)
Wands
 f - a wand of paralysis (11)
 n - a wand of digging (7)
 o - a wand of flame (14)
Scrolls
 u - a scroll of teleportation
 w - 2 scrolls of identify
Potions
 c - 2 potions of haste
 e - 2 potions of flight {unknown}
 h - a potion of attraction {unknown}
 i - 2 potions of heal wounds {unknown}
 j - a potion of mutation {unknown}
 m - 2 potions of curing {unknown}
 q - 3 potions of magic {unknown}
 r - 3 potions of brilliance {unknown}
 s - 3 potions of ambrosia {unknown}
 t - 3 potions of might


   Skills:
 - Level 5.5 Fighting
 - Level 5.0 Axes
 * Level 10.1 Throwing
 - Level 3.0 Dodging
 - Level 5.4 Shields


You had 8 spell levels left.
You didn't know any spells.
Your spell library contained the following spells:

 Spells                   Type           Power      Damage    Failure   Level
 Magic Dart               Conj           0%         1d3       78%         1
 Blink                    Tloc           N/A        N/A       89%         2
 Call Imp                 Summ           0%         N/A       89%         2
 Slow                     Hex            0%         N/A       89%         2
 Conjure Flame            Conj/Fire      0%         6-21      98%         3
 Mephitic Cloud           Conj/Pois/Air  0%         N/A       98%         3


Dungeon Overview and Level Annotations

Branches:
Dungeon (7/15)             Temple (1/1) D:6         Ossuary (visited)

Altars:
Ashenzari
Cheibriados
Dithmenos
Elyvilon
Fedhas
Gozag
Hepliaklqana
Kikubaaqudgha
Makhleb
Nemelex Xobeh
Okawaru
Qazlal
Sif Muna
Trog
Uskayaw
Vehumet
Wu Jian
Xom
Zin

Annotations:
D:4 1 runed translucent door, Dittersdorf's ghost, novice GrFi


Innate Abilities, Weirdness & Mutations

You cannot wear most types of armour.
You are amphibious.
You can wear up to eight rings at the same time.
Your skin changes colour to match your surroundings (Stealth+).
Your rubbery body absorbs attacks. (AC +1, EV +1)
((You are camouflaged near water. (Stealth+)))
You have tentacles for arms and can constrict up to eight enemies at once.


Message History

Your spectral weapon closely misses the ogre.
You feel very sick. The water moccasin bites you!
An orc priest comes into view. It is wielding a +0 hand axe.
The water moccasin bites you.
A wight comes into view.
It is wielding a +5 scimitar of freezing.
The ogre barely misses your spectral weapon.
You closely miss the water moccasin. You grab the water moccasin.
The water moccasin is almost dead.
Your spectral weapon hits the water moccasin!
You kill the water moccasin!
Okawaru accepts your kill.
Your spectral weapon hits the ogre.
Your spectral weapon closely misses the centaur.
You feel very sick.
The centaur unwields a +0 falchion.
The centaur wields a +0 shortbow.
The centaur shoots an arrow.
The arrow hits your spectral weapon!
Your spectral weapon shares its damage with you!
Something closely misses your spectral weapon.
The ogre completely misses your spectral weapon.
The centaur unwields a +0 shortbow.
The centaur wields a +0 falchion.
The centaur closely misses your spectral weapon.
The centaur misses your spectral weapon.
Something hits your spectral weapon.
Your spectral weapon shares its damage with you!
Your Throwing skill increases to level 10!
You feel sick.
The orc wizard points at itself and mumbles some strange words.
The orc wizard flickers and vanishes!
An orc comes into view. It is wielding a +0 dagger.
You feel sick.
You feel sick.
You feel sick.
The centaur unwields a +0 falchion.
The centaur wields a +0 shortbow.
The centaur shoots an arrow.
The arrow hits you!
* * * LOW HITPOINT WARNING * * *
You hear a shout!
* * * LOW HITPOINT WARNING * * *
You feel sick.
The centaur shoots an arrow.
The arrow hits you!
You die...

#.........### ..
#......#..#.# (..
####........##.#
##...........#
#...........#
##.........##### #
###............ #.
##..)....#. #..
#.c..@<..#
.##...##zO.........#
.....o†.............#
.#(o#..o.............
#...............#
...(†............#
#...#..............
#...##......###.....
##.# ........#


You could see an ogre, a centaur, a wight, an orc priest and an orc.

Vanquished Creatures
  Pikel (D:6)
  Maggie (D:7)
  Sigmund (D:6)
  A water moccasin (D:7)
  An ice beast (D:7)
  A sky beast (D:5)
  A necrophage (D:5)
  2 ogres
  4 lemures
  2 elf zombies (Ossuary)
  2 bullfrogs (D:7)
  A scorpion (D:5)
  4 wights
  A howler monkey (D:5)
  A bullfrog zombie (D:5)
  2 human zombies (Ossuary)
  Crazy Yiuf (D:3)
  A bullfrog skeleton (D:6)
  2 centaur zombies
  3 orc priests
  4 hounds
  Ijyb (D:3)
  2 iguanas
  Natasha (thrice) (D:2)
  3 orc wizards
  2 mummies (Ossuary)
  Robin (D:3)
  An adder (D:2)
  2 white imps
  2 adder zombies (Ossuary)
  2 dart slugs (D:4)
  15 orcs
  3 ball pythons
  4 bats
  7 endoplasms
  4 giant cockroaches
  13 goblins
  12 hobgoblins
  4 jackals (D:4)
  7 kobolds
  2 quokkas
  A frilled lizard (D:1)
  A goblin zombie (D:4)
  13 hobgoblin zombies (Ossuary)
  A jackal zombie (Ossuary)
  7 kobold zombies (Ossuary)
  6 orc zombies (Ossuary)
  A quokka zombie (D:4)
  2 rats
  4 rat zombies (Ossuary)
163 creatures vanquished.

Vanquished Creatures (others)
  2 withered plants (D:4)
2 creatures vanquished.

Grand Total: 165 creatures vanquished

Notes
Turn   | Place    | Note
-------+----------+-------------------------------------------
     0 | D:1      | Zeld the Octopode Fighter began the quest for the Orb.
     0 | D:1      | Reached XP level 1. HP: 16/16 MP: 1/1
   454 | D:1      | Reached XP level 2. HP: 21/21 MP: 2/2
  1193 | D:2      | Found a faded altar of an unknown god.
  1340 | D:2      | Reached XP level 3. HP: 18/26 MP: 3/3
  1592 | D:2      | Noticed Natasha
  1598 | D:2      | Killed Natasha
  1751 | D:2      | Reached XP level 4. HP: 31/33 MP: 4/4
  1759 | D:2      | Noticed Natasha
  1766 | D:2      | Killed Natasha
  1936 | D:2      | Noticed Natasha
  1943 | D:2      | Killed Natasha
  2128 | D:2      | Found a burning altar of Makhleb.
  2436 | D:3      | Noticed Robin
  2437 | D:3      | Reached XP level 5. HP: 37/37 MP: 5/5
  2607 | D:4      | Found a runed translucent door.
  2607 | D:4      | Noticed Dittersdorf's ghost (novice GrFi)
  2908 | D:4      | Found a sand-covered staircase.
  2915 | Ossuary  | Entered an ossuary
  3283 | Ossuary  | Reached XP level 6. HP: 17/44 MP: 6/6
  4327 | D:4      | Found the +7 lajatang of Order {silver, rMut}
  4473 | D:4      | Reached skill level 5 in Fighting
  4568 | D:3      | Killed Robin
  4570 | D:3      | Reached XP level 7. HP: 43/50 MP: 7/7
  4655 | D:3      | Noticed Ijyb
  4663 | D:3      | Paralysed by Ijyb for 7 turns
  4673 | D:3      | Killed Ijyb
  4674 | D:3      | Reached skill level 5 in Shields
  4939 | D:3      | Found a runed translucent door.
  4940 | D:3      | Noticed Crazy Yiuf
  5018 | D:3      | Found a white marble altar of Elyvilon.
  5387 | D:3      | Killed Crazy Yiuf
  6004 | D:4      | Found Xasauqeu's Assorted Antiques.
  6263 | D:4      | Found a hazy altar of Hepliaklqana.
  6755 | D:5      | Entered Level 5 of the Dungeon
  6807 | D:5      | Found a snail-covered altar of Cheibriados.
  6827 | D:5      | Reached skill level 5 in Axes
  7253 | D:5      | Reached skill level 1 in Throwing
  7289 | D:5      | Reached skill level 2 in Throwing
  7322 | D:5      | Reached XP level 8. HP: 16/56 MP: 8/8
  7515 | D:5      | Reached skill level 3 in Throwing
  7897 | D:5      | Reached skill level 4 in Throwing
  8142 | D:5      | Reached skill level 5 in Throwing
  9226 | D:5      | Reached skill level 6 in Throwing
  9417 | D:6      | Noticed Sigmund
  9748 | D:6      | Killed Sigmund
  9749 | D:6      | Reached skill level 7 in Throwing
  9896 | D:6      | Noticed Pikel
 10350 | D:6      | Killed Pikel
 10351 | D:6      | Reached skill level 8 in Throwing
 10351 | D:6      | Reached XP level 9. HP: 48/61 MP: 9/9
 10512 | D:6      | Found a staircase to the Ecumenical Temple.
 10769 | Temple   | Entered the Ecumenical Temple
 10832 | Temple   | Became a worshipper of Warmaster Okawaru
 10990 | D:7      | Noticed Maggie
 10992 | D:7      | Reached skill level 9 in Throwing
 10999 | D:7      | Killed Maggie
 11061 | D:7      | Reached * piety under Okawaru
 11064 | D:7      | Reached skill level 10 in Throwing
 11067 | D:7      | HP: 3/61 [centaur/arrow (14)]
 11068 | D:7      | Shot with an arrow by a centaur

Illustrated notes

Levels and vault maps discovered:
D:1:      amcnicky_arrival_flooded_fountain, layout_loops_cross,
          dk_noncrumbling_2
D:2:      layout_loops_corners, hellmonk_ecumenical_altar_inner_sanctum,
          basic_altar, eino_tiny_chamber, uniq_natasha
D:3:      layout_loops_corners, elyvilon_altar_4, uniq_ijyb,
          uniq_crazy_yiuf_cottage, uniq_robin
D:4:      minmay_skewed_foursquare, layout_basic,
          nicolae_hepliaklqana_hippocampus, serial_shops, shop, enter_ossuary_4,
          gammafunk_ghost_grave, chequers_serial_rivers_large_b,
          hangedman_abyss_or_decor_stabs, grunt_ministairs_6,
          hangedman_feature_mirror
D:5:      layout_gridville, cheibriados_altar_1, grunt_decor_fettered,
          chequers_garden
D:6:      layout_basic, minmay_temple_entry_fiery, uniq_pikel, uniq_sigmund
D:7:      layout_cave_pools, amcnicky_altar_gilded, lightli_temple_of_fire,
          minmay_ruined_shrine, uniq_harold, uniq_menkaure, uniq_maggie
Temple:   bh_familiar_temple

Skill      XL: |  1  2  3  4  5  6  7  8  9 |
---------------+----------------------------+-----
Axes           | 3 4 5 |  5.0
Shields        | 4 5 |  5.4
Fighting       | 4 5 |  5.5
Throwing       | 2 8 10 | 10.1
Dodging        | |  3.0

Action                   |  1- 3 |  4- 6 |  7- 9 || total
-------------------------+-------+-------+-------++-------
Melee: War axe           |    41 |   128 |   143 ||   312
       Tentacles         |     7 |    25 |    46 ||    78
       Constrict         |     7 |    36 |    41 ||    84
Throw: Javelin           |       |       |    17 ||    17
       Dart              |       |       |     4 ||     4
  Use: Potion            |       |     2 |     2 ||     4
       Scroll            |       |     2 |    10 ||    12
 Stab: Sleeping          |     2 |     6 |     1 ||     9
       Distracted        |       |     1 |       ||     1
Armor: Skin              |     5 |    13 |    10 ||    28
Dodge: Dodged            |    24 |    58 |    69 ||   151
Block: Kite shield       |    20 |    65 |    62 ||   147

Table legend: (Time is in decaauts)
 A = Elapsed time spent in this place.
 B = Non-inter-level travel time spent in this place.
 C = Inter-level travel time spent in this place.
 D = Time resting spent in this place.
 E = Time spent auto-exploring this place.
 F = Levels seen in this place.
 G = Mean time per level.
                   A        B        C        D        E       F      G
               +--------+--------+--------+--------+--------+-----+--------+
         Total |  11240 |  10765 |    475 |   2008 |   7390 |   9 | 1248.9 |
       Dungeon |  10009 |   9554 |    455 |   1802 |   6596 |   7 | 1429.9 |
        Temple |    200 |    180 |     20 |      0 |    174 |   1 |  200.0 |
       Ossuary |   1030 |   1030 |      0 |    206 |    620 |   1 | 1030.0 |
               +--------+--------+--------+--------+--------+-----+--------+

Top non-repeatable levels by time:
     D:5: 2873 daAuts
     D:4: 2273 daAuts
     D:3: 1481 daAuts
     D:2: 1434 daAuts
 Ossuary: 1030 daAuts
     D:6: 1027 daAuts
     D:1: 838 daAuts
  Temple: 200 daAuts
     D:7: 80 daAuts
